 Dungeon Crawl Stone Soup version 0.26-a0-1205-g4083c211ab (webtiles) character file.

Game seed: 835364936959034267

1 CurlyBrace the Sneak (level 1, -3/10 HPs)
             Began as a Felid Delver on Dec 29, 2020.
             Slain by a howler monkey (7 damage)
             ... on level 6 of the Dungeon.
             The game lasted 00:00:25 (49 turns).

CurlyBrace the Sneak (Felid Delver)                   Turns: 49, Time: 00:00:25

Health: -3/10      AC:  1    Str:  8    XL:     1   Next: 16%
Magic:  2/2        EV: 18    Int: 11    God:
Gold:   0          SH:  0    Dex: 17    Spells: 0/0 levels left
                                        Lives:  0   Deaths: 0

rFire    . . .     SeeInvis +     - Unarmed
rCold    . . .     Faith    .   (shield unavailable)
rNeg     . . .     Spirit   .   (armour unavailable)
rPois    .         Reflect  .   (helmet unavailable)
rElec    .         Harm     .   (cloak unavailable)
rCorr    .         Rampage  .   (gloves unavailable)
Will     .....                  (boots unavailable)
Stlth    ++++......             (no amulet)
HPRegen  0.03/turn              (no ring)
MPRegen  0.08/turn              (no ring)

@: hasted, very quick
A: very small, no armour, no weapons or thrown items, stealth, claws 1, fangs 3,
see invisible, speed 1, shaggy fur 1, sharp paws
a: no special abilities


You were on level 6 of the Dungeon.
You visited 1 branch of the dungeon, and saw 2 of its levels.

Inventory:

Wands
 v - a wand of digging (3)
Scrolls
 a - a scroll of fog
 c - a scroll of fear


   Skills:
 - Level 3.0 Fighting
 + Level 2.7 Dodging
 + Level 6.6 Stealth
 * Level 2.0 Unarmed Combat


You couldn't memorise any spells.
You didn't know any spells.
Your spell library was empty.

Dungeon Overview and Level Annotations

Branches:
Dungeon (6/15)
 Temple: D:4-7

Altars:
Ashenzari
Kikubaaqudgha
Makhleb
Nemelex Xobeh
Okawaru
Ru
Trog
Vehumet
Wu Jian


Innate Abilities, Weirdness & Mutations

You cannot wear armour.
You are incapable of wielding weapons or throwing items.
Your paws allow you to move quietly. (Stealth)
You have sharp claws.
You have razor-sharp teeth.
You have supernaturally acute eyesight. (SInv)
You cover ground quickly.
You are covered in fur. (AC +1)
Your sharp claws are effective at attacking unaware monsters.


Message History

You scratch the hound zombie.
The hound zombie is heavily damaged.
The hound zombie closely misses you.
You completely miss the hound zombie.
The hound zombie is heavily damaged.
The hound zombie barely misses you.
You scratch the hound zombie.
The hound zombie is severely damaged.
You scratch the howler monkey but do no damage.
You scratch the howler monkey. You bite the howler monkey.
The howler monkey is moderately wounded.
The howler monkey completely misses you.
You scratch the howler monkey but do no damage.
The howler monkey is moderately wounded.
The howler monkey barely misses you.
You closely miss the howler monkey.
The howler monkey is moderately wounded.
The howler monkey hits you!
Ouch! That really hurt!
You die...

##..## *,* ##8..8## *,*
#....._# *,* ###..###
*,* #_....8#*****,*
******* ###..###,,,,,,*
,,,,,,* #...._#,******
,,,,*,****###..###,*,,,*
,,,,*,,,,,#_..Zh@#,*,*,*
,*,,*,,**,###..###,*,*,*
,*,,,,,**,#_....,*,*,*,*
,**,*,***,###___#*,*,*<*
***,*,* *,* #####*,,,*,*
,,,,*,************,*,,,*
,****,,,,<,,,,,,,,,,,,**
,* *,************,,,,*
,****** *******,**


You could see a howler monkey and a hound zombie.

Vanquished Creatures
  A giant cockroach (D:6)
1 creature vanquished.

Notes
Turn   | Place    | Note
-------+----------+-------------------------------------------
     0 | D:5      | CurlyBrace the Felid Delver began the quest for the Orb.
     0 | D:5      | Reached XP level 1. HP: 10/10 MP: 2/2
     1 | D:6      | Noticed a howler monkey
    15 | D:6      | Found a sacrificial altar of Ru.
    22 | D:6      | Found a sparkling altar of Nemelex Xobeh.
    23 | D:6      | Found a broken altar of Ashenzari.
    23 | D:6      | Found an ancient bone altar of Kikubaaqudgha.
    23 | D:6      | Found a bloodstained altar of Trog.
    24 | D:6      | Found an iron altar of Okawaru.
    25 | D:6      | Found a burning altar of Makhleb.
    26 | D:6      | Found a radiant altar of Vehumet.
    27 | D:6      | Found an ornate altar of the Wu Jian Council.
    49 | D:6      | Slain by a howler monkey

Illustrated notes

Levels and vault maps discovered:
D:5:      layout_loops_cross, hellmonk_ghost_happy_afterlife,
          hangedman_abyss_or_decor_stagger, uniq_eustachio, uniq_grinder
D:6:      minmay_bubble_buster, layout_basic, minitemple

Action                   || total
-------------------------++-------
Melee: Unarmed           ||    17
       Bite              ||     2
  Use: Scroll            ||     1
       Potion            ||     1
Armor: Skin              ||     1
Dodge: Dodged            ||    11

Table legend: (Time is in decaauts)
 A = Elapsed time spent in this place.
 B = Non-inter-level travel time spent in this place.
 C = Inter-level travel time spent in this place.
 D = Time resting spent in this place.
 E = Time spent auto-exploring this place.
 F = Levels seen in this place.
 G = Mean time per level.
                   A        B        C        D        E       F      G
               +--------+--------+--------+--------+--------+-----+--------+
         Total |     37 |     37 |      0 |      0 |      0 |   2 |   18.5 |
       Dungeon |     37 |     37 |      0 |      0 |      0 |   2 |   18.5 |
               +--------+--------+--------+--------+--------+-----+--------+

Top non-repeatable levels by time:
     D:6: 36 daAuts
     D:5: 1 daAuts
